 Dungeon Crawl Stone Soup version 0.29.1-15-g9cfb28693d (webtiles) character file.

Game seed: 13420140050555769268

871 javelincjr the Magician (level 7, -7/53 HPs)
             Began as a Demonspawn Hedge Wizard on Mar 31, 2023.
             Mangled by a troll (12 damage)
             ... on level 4 of the Dungeon.
             The game lasted 00:19:30 (6249 turns).

javelincjr the Magician (Demonspawn Hedge Wizard)   Turns: 6249, Time: 00:19:31

Health: -7/53      AC: 16    Str: 13    XL:     7   Next: 73%
Magic:  18/23      EV:  9    Int: 15    God:
Gold:   208        SH:  0    Dex: 12    Spells: 10/15 levels left

rFire   + . .      SeeInvis .   w - +5 quarterstaff (chaos)
rCold   x . .      Faith    +   (shield currently unavailable)
rNeg    + + .      Spirit   .   s - +1 scale mail "Cadoh" {Rampage rPois rN++}
rPois   +          Reflect  .   c - +1 hat
rElec   .          Harm     .   x - +0 cloak
rCorr   .          Rampage  +   j - +0 pair of gloves
Will    .....                   (no boots)
Stlth   ..........              e - amulet of faith
HPRegen 0.17/turn               u - ring of magical power
MPRegen 0.36/turn               h - ring of fire

@: sanguine armoured, on blink cooldown
A: magic regeneration, sanguine armour 1, demonic touch 1
a: no special abilities


You were on level 4 of the Dungeon.
You visited 2 branches of the dungeon, and saw 6 of its levels.

You collected 208 gold pieces.

Inventory:

Hand Weapons
 a - a +0 dagger
 d - a +2 dagger of venom
 w - a +5 quarterstaff of chaos (weapon)
Armour
 b - a +0 robe
 c - a +1 hat (worn)
 j - a +0 pair of gloves (worn)
 s - the +1 scale mail "Cadoh" (worn) {Rampage rPois rN++}
   (You found it on level 3 of the Dungeon)

   rPois:     It protects you from poison.
   rN:        It greatly protects you from negative energy.
   Rampage:   It bestows one free step when moving towards enemies.
 x - a +0 cloak (worn)
Jewellery
 e - an amulet of faith (around neck)
 h - a ring of fire (right hand)
 o - a ring of resist corrosion
 u - a ring of magical power (left hand)
Wands
 n - a wand of quicksilver (6)
Scrolls
 f - a scroll of magic mapping
 g - a scroll of torment {unknown}
 i - a scroll of silence {unknown}
 l - a scroll of poison {unknown}
 q - a scroll of identify
 y - a scroll of vulnerability {unknown}
 z - a scroll of amnesia {unknown}
 A - a scroll of blinking {unknown}
 B - a scroll of fear {unknown}
 C - 2 scrolls of teleportation {unknown}
Potions
 k - a potion of ambrosia
 m - a potion of lignification {unknown}
 p - 4 potions of curing {unknown}
 r - a potion of brilliance {unknown}
 t - a potion of mutation {unknown}


   Skills:
 * Level 3.7 Fighting
 + Level 1.7 Short Blades
 + Level 2.2 Armour
 + Level 3.0 Dodging
 - Level 1.8 Stealth
 * Level 4.7 Spellcasting
 + Level 2.7 Conjurations
 + Level 2.7 Summonings
 + Level 2.6 Translocations


You had 10 spell levels left.
You knew the following spells:

 Your Spells              Type           Power      Damage    Failure   Level
a - Magic Dart            Conj           44%        1d5       26%         1
b - Blink                 Tloc           22%        N/A       36%         2
c - Call Imp              Summ           11%        N/A       36%         2

Your spell library contained the following spells:

 Spells                   Type           Power      Damage    Failure   Level
 Slow                     Hex            12%        N/A       61%         1
 Conjure Flame            Conj/Fire      11%        6-21      80%         3
 Mephitic Cloud           Conj/Pois/Air  6%         N/A       85%         3


Dungeon Overview and Level Annotations

Branches:
Dungeon (5/15)             Temple (1/1) D:4

Altars:
Ashenzari
Dithmenos
Gozag
Makhleb
Nemelex Xobeh
Okawaru
Ru
Sif Muna
Trog
Uskayaw
Wu Jian
Xom
Yredelemnul

Shops:
D:3 (


Innate Abilities, Weirdness & Mutations

You regenerate magic rapidly.
When seriously injured, your blood forms armour. (AC +6)
Your touch may inflict minor irresistible damage on your foes.


Message History

The troll closely misses your white imp.
The troll claws your white imp.
Your white imp barely misses the troll.
The troll bites your white imp.
The troll claws your white imp but does no damage.
The troll claws your white imp.
Your white imp dies!
Your white imp disappears in a puff of smoke!
Casting: Call Imp (dangerous; 36% risk of failure)
Confirm with . or Enter, or press ? or * to list all spells.
A beastly little devil appears in a puff of flame.
The troll barely misses your crimson imp.
The troll claws your crimson imp!
Your crimson imp dies!
Your crimson imp disappears in a puff of smoke!
Casting: Call Imp (dangerous; 36% risk of failure)
Confirm with . or Enter, or press ? or * to list all spells.
A beastly little devil appears in a puff of frigid air.
The troll bites your white imp but does no damage.
The troll claws your white imp. x2
Casting: Call Imp (dangerous; 36% risk of failure)
Confirm with . or Enter, or press ? or * to list all spells.
You blink.
You sock the troll! You burn the troll.
The troll is moderately wounded.
The troll bites you but does no damage. The troll claws you!
* * * LOW HITPOINT WARNING * * *
The troll barely misses you.
Your white imp closely misses the troll.
You sock the troll!
The troll is heavily wounded.
The troll bites you.
* * * LOW HITPOINT WARNING * * *
The troll barely misses you. The troll claws you.
* * * LOW HITPOINT WARNING * * *
Your white imp gestures at the troll.
The puff of frost hits the troll.
You hit the troll. You burn the troll.
The troll is heavily wounded.
The troll bites you!
You die...

#...# ###### #.###.
#.### #..... #.# #.###.
#.# #############.)...
#.#####......#...##.###.
#............#...##.# #.
######...>...#......# ##
####.......#...##.####
#..5T@.....'..###.#...
####.......##.# #.#...
#........#.###.#...
#........#.........
#........#..##.####
#.....)..#..##.#
#........'.....####
#........#.###.....
#####'####.# #....#


You could see a troll (ally target) and a friendly white imp (summoned).

Vanquished Creatures
  Grinder (D:3)
  A golden eye (shapeshifter) (D:4)
  An ogre (D:4)
  A phantom (D:3)
  A howler monkey (D:4)
  A jelly (D:5)
  An orc priest (D:3)
  Crazy Yiuf (D:3)
  An iguana (D:4)
  Robin (D:3)
  4 adders
  An ufetubus (D:3)
  7 orcs
  4 ball pythons
  7 endoplasms
  4 giant cockroaches
  18 goblins
  7 hobgoblins
  6 kobolds
  3 quokkas
  4 bats
  4 frilled lizards
  6 rats (D:1)
85 creatures vanquished.

Vanquished Creatures (collateral kills)
  A black bear (D:4)
1 creature vanquished.

Grand Total: 86 creatures vanquished

Notes
Turn   | Place    | Note
-------+----------+-------------------------------------------
     0 | D:1      | javelincjr the Demonspawn Hedge Wizard began the quest for
                  | the Orb.
     0 | D:1      | Reached XP level 1. HP: 13/13 MP: 4/4
   107 | D:1      | Reached skill level 1 in Translocations
   637 | D:1      | Gained mutation: When seriously injured, your blood forms
                  | armour. (AC +6) [demonic ancestry]
   637 | D:1      | Reached XP level 2. HP: 5/20 MP: 0/6
  1907 | D:2      | Reached skill level 1 in Fighting
  2099 | D:2      | Gained mutation: Your touch may inflict minor irresistible
                  | damage on your foes. [demonic ancestry]
  2099 | D:2      | Reached XP level 3. HP: 25/26 MP: 2/7
  2556 | D:2      | You fall into a shaft and drop 1 floor!
  2692 | D:3      | Noticed Robin
  2724 | D:3      | Reached XP level 4. HP: 4/32 MP: 2/9
  2938 | D:4      | Learned a level 2 spell: Blink
  2941 | D:4      | Learned a level 2 spell: Call Imp
  3143 | D:3      | Killed Robin
  3144 | D:3      | Reached skill level 1 in Armour
  3180 | D:3      | Identified the +1 scale mail "Cadoh" {Rampage rPois rN++}
  3418 | D:3      | Reached XP level 5. HP: 35/38 MP: 0/10
  3523 | D:3      | Found Paumila's Weapon Shoppe.
  3531 | D:3      | Noticed Grinder
  3531 | D:3      | Paralysed by Grinder for 2 turns
  3575 | D:3      | Killed Grinder
  3576 | D:3      | Reached skill level 4 in Spellcasting
  3576 | D:3      | Reached XP level 6. HP: 42/46 MP: 10/12
  4004 | D:3      | Found a runed translucent door.
  4005 | D:3      | Noticed Crazy Yiuf
  4012 | D:3      | Killed Crazy Yiuf
  4294 | D:2      | Found an ornate altar of the Wu Jian Council.
  4569 | D:4      | Reached skill level 1 in Short Blades
  4985 | D:3      | Gained mutation: You regenerate magic rapidly. [demonic
                  | ancestry]
  4985 | D:3      | Reached XP level 7. HP: 34/52 MP: 13/13
  5094 | D:4      | Found a staircase to the Ecumenical Temple.
  5107 | Temple   | Entered the Ecumenical Temple
  5309 | D:4      | Noticed a shapeshifter
  5309 | D:4      | an orc changed into a shapeshifter
  5309 | D:4      | Noticed a raiju
  5309 | D:4      | a shapeshifter changed into a raiju
  5321 | D:4      | Noticed a golden eye
  5321 | D:4      | a raiju changed into a golden eye
  5325 | D:4      | Killed a golden eye
  6053 | D:5      | Entered Level 5 of the Dungeon
  6073 | D:5      | Noticed a troll
  6249 | D:4      | Mangled by a troll

Illustrated notes

Levels and vault maps discovered:
D:1:      lightli_iron_boxes, layout_basic, grunt_decor_arrowhead
D:2:      layout_basic, basic_altar
D:3:      layout_loops_ring, serial_shops, nicolae_shop_waterfront,
          uniq_crazy_yiuf_cottage, uniq_robin, uniq_grinder
D:4:      layout_basic, minmay_temple_entry_wispy,
          chequers_serial_rivers_micro_d
D:5:      layout_basic, gammafunk_temple_overflow_pools,
          amethyst_overflow_temple_binary, uniq_sigmund, uniq_prince_ribbit1,
          uniq_ijyb
Temple:   bh_familiar_temple

Skill      XL: |  1  2  3  4  5  6  7 |
---------------+----------------------+-----
Translocations | 1 2 |  2.6
Dodging        | 2 3 |  3.0
Fighting       | 1 2 3 |  3.7
Armour         | 1 2 |  2.2
Spellcasting   | 4 |  4.7
Conjurations   | 2 |  2.7
Summonings     | 2 |  2.7
Short Blades   | 1 |  1.7
Stealth        | |  1.8

Action                   |  1- 3 |  4- 6 |  7- 9 || total
-------------------------+-------+-------+-------++-------
Melee: Dagger            |    57 |    76 |       ||   133
       Touch             |     1 |    15 |       ||    16
       Quarterstaff      |       |    23 |    40 ||    63
 Cast: Magic Dart        |    93 |    20 |    12 ||   125
       Call Imp          |       |     2 |     4 ||     6
       Blink             |       |     2 |     2 ||     4
  Use: Potion            |     1 |     3 |       ||     4
       Scroll            |       |       |     9 ||     9
Armor: Robe              |    33 |    19 |       ||    52
       Scale mail        |       |    43 |    29 ||    72
Dodge: Dodged            |    71 |    52 |    25 ||   148
